 Dungeon Crawl Stone Soup version 0.31-a0-233-g139696dc86 (webtiles) character file.

Game seed: 11225509327758783167

74 qw the Shooter (level 4, -11/26 HPs)
             Began as a Gargoyle Hexslinger on July 9, 2023.
             Killed by divine providence
             ... invoked by an orc priest
              (14 damage)
             ... on level 3 of the Dungeon.
             The game lasted 00:00:35 (1374 turns).

qw the Shooter (Gargoyle Hexslinger)                Turns: 1374, Time: 00:00:35

Health: -11/26     AC:  9    Str: 11    XL:     4   Next: 28%
Magic:  5/5        EV: 10    Int: 14    God:
Gold:   69         SH:  0    Dex: 14    Spells: 4/5 levels left

rFire   . . .        Y - +1 sling
rCold   . . .        (no shield)
rNeg    + . .        g - +0 ring mail
rPois   inf          e - +0 helmet
rElec   +            (no cloak)
rCorr   .            (no gloves)
SInv    .            (no boots)
Will    .....        i - amulet of the acrobat
Stlth   +            (no ring)
HPRegen 0.24/turn    (no ring)
MPRegen 0.09/turn

%: acrobat
@: no status effects
A: sickness immunity, AC +3, negative energy resistance 1, electricity
resistance, torment resistance 1, petrification resistance
a: no special abilities


You were on level 3 of the Dungeon.
You visited 1 branch of the dungeon, and saw 3 of its levels.

You collected 69 gold pieces.


Innate Abilities, Weirdness & Mutations

You are immune to sickness and miasma.
Your stone body is resilient. (AC +3)
You are immune to poison.
You resist negative energy. (rN+)
You are resistant to electric shocks. (rElec)
You are resistant to unholy torment.
You are immune to petrification.


   Skills:
 - Level 2.0 Fighting
 + Level 3.9 Ranged Weapons
 - Level 1.0 Armour
 - Level 1.5 Dodging
 - Level 1.0 Spellcasting
 - Level 2.6 Hexes


You had 4 spell levels left.
You knew the following spells:

 Your Spells              Type           Power      Damage    Failure   Level
a - Slow                  Hex            32%        N/A       21%         1

Your spell library contained the following spells:

 Spells                   Type           Power      Damage    Failure   Level
 Inner Flame              Hex/Fire       4%         N/A       71%         3
 Portal Projectile        Hex/Tloc       8%         N/A       71%         3
 Cause Fear               Hex            4%         N/A       90%         4

Inventory:

Hand Weapons
 Y - a +1 sling (weapon)
Armour
 e - a +0 helmet (worn)
 g - a +0 ring mail (worn)
Jewellery
 i - an amulet of the acrobat (around neck)
Potions
 a - a potion of magic {unknown}
 b - a potion of brilliance {unknown}
 d - a potion of lignification {unknown}
 f - a potion of attraction {unknown}

Dungeon Overview and Level Annotations

Branches:
Dungeon (3/15)

Altars:


Message History

You shoot a sling bullet.
The sling bullet barely misses the adder.
The sling bullet closely misses the orc.
The sling bullet hits the orc priest but does no damage.
The adder barely misses you. The orc barely misses you.
The adder bites you but does no damage.
The orc priest invokes the aid of Beogh against you.
Beogh smites you! The orc hits you with a +0 flail.
You shoot a sling bullet. The sling bullet hits the adder.
The adder is severely wounded.
The adder barely misses you. The orc barely misses you.
The adder completely misses you.
You shoot a sling bullet.
The sling bullet hits the adder but does no damage.
The adder is severely wounded.
The orc hits you but does no damage. The adder misses you.
The adder barely misses you.
You shoot a sling bullet. The sling bullet misses the adder.
The sling bullet hits the orc.
The orc is lightly wounded.
The adder bites you but does no damage. The orc closely misses you.
You shoot a sling bullet. The sling bullet hits the adder.
You kill the adder!
The orc barely misses you.
You shoot a sling bullet.
The sling bullet hits the orc but does no damage.
The orc is lightly wounded.
The orc priest looks satisfied for a moment.
The orc hits you but does no damage. The orc hits you with a +0 flail.
The orc hits you with a +0 mace.
You shoot a sling bullet.
The sling bullet closely misses the orc.
The orc hits you but does no damage. The orc closely misses you.
You shoot a sling bullet. The sling bullet hits the orc.
You kill the orc!
The orc hits you but does no damage.
The orc priest mumbles some strange prayers to Beogh against you.
Beogh smites you!
Ouch! That really hurt!
You die...

### ###.###
#####.....# .
#.........# ...
#.......)o#.....
#.......@o......
#.......###.##..
#....##.###....
####..............
.........#.###....
.........#.# ..
.....###<#.# ....
###.# ... ..#


You could see an orc priest and an orc.

Vanquished Creatures
  2 adders
  A worm (D:2)
  2 orcs (D:3)
  3 bats (D:2)
  8 endoplasms
  2 giant cockroaches (D:1)
  4 goblins
  5 hobgoblins
  6 jackals
  A quokka (D:3)
  2 ball pythons (D:2)
  4 frilled lizards (D:1)
  3 kobolds (D:1)
  4 rats
47 creatures vanquished.

Notes
Turn   | Place    | Note
-------+----------+-------------------------------------------
     0 | D:1      | qw the Gargoyle Hexslinger began the quest for the Orb.
     0 | D:1      | Reached XP level 1. HP: 12/12 MP: 2/2
     0 | D:1      | 0 ||| qw: Version: 0.3-a-51-g015441d
     0 | D:1      | 0 ||| qw: Game counter: 3872
     0 | D:1      | 0 ||| qw: Melee chars always use a shield: true
     0 | D:1      | 0 ||| qw: God list: Okawaru
     0 | D:1      | 0 ||| qw: Allow faded altars: false
     0 | D:1      | 0 ||| qw: Do Orc after clearing Dungeon:15 true
     0 | D:1      | 0 ||| qw: Do second Lair branch before Depths: true
     0 | D:1      | 0 ||| qw: Lair rune preference: random
     0 | D:1      | 0 ||| qw: Goals: Normal
     0 | D:1      | 0 ||| PLANNING D:1-11
    82 | D:1      | Reached XP level 2. HP: 16/16 MP: 3/3
   177 | D:1      | Reached skill level 3 in Ranged Weapons
   232 | D:1      | Found a faded altar of an unknown god.
   269 | D:1      | HP: 2/16 [frozen (4)]
   401 | D:1      | 401 ||| Stepping ~*~*~tactically~*~*~ (outnumbered).
   403 | D:1      | 403 ||| Stepping ~*~*~tactically~*~*~ (outnumbered).
   404 | D:1      | 404 ||| Stepping ~*~*~tactically~*~*~ (outnumbered).
   412 | D:1      | Reached XP level 3. HP: 21/21 MP: 4/4
   588 | D:1      | 588 ||| UPGRADING to +0 helmet.
   593 | D:1      | 593 ||| UPGRADING to +0 ring mail.
   603 | D:1      | 603 ||| DROPPING +0 robe.
   604 | D:1      | 604 ||| UPGRADING to amulet of the acrobat.
   609 | D:1      | 609 ||| READING scroll labelled RAROTOLEOTOA.
   610 | D:1      | 610 ||| DROPPING scroll of poison.
   854 | D:2      | Reached skill level 1 in Armour
  1210 | D:2      | Reached XP level 4. HP: 25/26 MP: 5/5
  1372 | D:3      | HP: 6/26 [orc/+0 flail (5)]
  1374 | D:3      | Killed from afar by an orc priest

Levels and vault maps discovered:
D:1:      dpeg_arrival_water_temple_mockup, layout_basic,
          hellmonk_ecumenical_altar_slurped_away, bh_walls_and_bars
D:2:      layout_basic
D:3:      cheibrodos_helix_gallery, layout_basic, trog_three_pillars_becter,
          grunt_temple_overflow_open, uniq_natasha

Skill      XL: |  1  2  3 |
---------------+----------+-----
Ranged Weapons | 3 |  3.9
Fighting       | 2 |  2.0
Armour         | 1 |  1.0
Dodging        | |  1.5
Spellcasting   | |  1.0
Hexes          | |  2.6

Action                     |  1- 3 |  4- 6 || total
---------------------------+-------+-------++-------
   Fire: Sling             |   129 |    21 ||   150
    Use: Scroll            |     1 |       ||     1
 Armour: Robe              |     8 |       ||     8
         Ring mail         |    16 |    10 ||    26
  Dodge: Dodged            |    24 |    15 ||    39

Table legend:
 A = Non-vault XP
 B = Vault XP
 C = Vault XP percentage of total XP
 D = Non-vault monster count
 E = Vault monster count
 F = Vault count percentage of total count
                 A         B        C        D         E       F
            +---------+---------+-------+---------+---------+-------
      Total |     107 |       2 |   1.8 |      46 |       1 |   2.1
            +---------+---------+-------+---------+---------+-------
        D:1 |      36 |       2 |   5.3 |      21 |       1 |   4.5
        D:2 |      50 |       0 |   0.0 |      21 |       0 |   0.0
        D:3 |      21 |       0 |   0.0 |       4 |       0 |   0.0
            +---------+---------+-------+---------+---------+-------
